 Dungeon Crawl Stone Soup version 0.20.0-8-g6b59dc7 (webtiles) character file.

62 smedtjen the Skirmisher (level 3, -2/30 HPs)
             Began as a Demonspawn Abyssal Knight on May 30, 2017.
             Was a Follower of Lugonu.
             Slain by a gnoll (5 damage)
             ... on level 3 of the Dungeon.
             The game lasted 00:06:21 (2256 turns).

smedtjen the Skirmisher (Demonspawn Abyssal Knight) Turns: 2256, Time: 00:06:21

Health: -2/30      AC:  7    Str: 13    XL:     3   Next: 85%
Magic:  4/4        EV:  9    Int: 13    God:    Lugonu [*.....]
Gold:   86         SH:  4    Dex: 12    Spells: 2/2 levels left

rFire    . . .     SeeInvis .   a - +1 hand axe
rCold    . . .     Gourm    .   k - +1 buckler
rNeg     . . .     Faith    .   o - +0 ring mail
rPois    .         Spirit   .   (helmet restricted)
rElec    .         Reflect  .   (no cloak)
rCorr    .         Harm     .   (no gloves)
MR       .....                  d - +1 pair of boots
Stlth    +.........             (no amulet)
Regen    0.1/turn               l - -3 ring of slaying (curse)
MPRegen  0.1/turn               e - ring of wizardry

@: no status effects
A: antennae 1
a: Depart the Abyss, Renounce Religion


You were on level 3 of the Dungeon.
You worshipped Lugonu.
Lugonu was aware of your devotion.
You were not hungry.

You visited 1 branch of the dungeon, and saw 3 of its levels.
You visited the Abyss 1 time.

You collected 86 gold pieces.

Inventory:

Hand Weapons
 a - a +1 hand axe (weapon)
Missiles
 g - 6 needles of confusion (quivered)
Armour
 b - a +0 leather armour
 d - a +1 pair of boots (worn)
 k - a +1 buckler (worn)
 o - a +0 ring mail (worn)
Jewellery
 e - a ring of wizardry (right hand)
 l - a cursed -3 ring of slaying (left hand)
 q - an uncursed ring of wizardry
Scrolls
 s - 2 scrolls of magic mapping
 t - a scroll of blinking
 u - a scroll of teleportation {unknown}
Potions
 f - 3 potions of haste
 i - a potion of might {unknown}
 j - 2 potions of heal wounds {unknown}
 n - a potion of flight {unknown}
 p - a potion of berserk rage {unknown}
Comestibles
 c - 3 bread rations
 h - a meat ration
 m - 4 royal jellies
 r - 5 chunks of flesh


   Skills:
 + Level 3.8 Fighting
 + Level 2.5 Axes
 + Level 2.2 Armour
 + Level 1.0 Dodging
 + Level 0.2 Stealth
 + Level 2.5 Invocations


You had 2 spell levels left.
You didn't know any spells.

Dungeon Overview and Level Annotations

Branches:
Dungeon (3/15)

Altars:
Dithmenos
Ru
The Shining One


Innate Abilities, Weirdness & Mutations

You have a pair of small antennae on your head.


Message History

The gnoll is lightly wounded.
The gnoll hits you. You block the gnoll's attack.
You hit the gnoll.
The gnoll is heavily wounded.
The gnoll hits you but does no damage.
The gnoll hits you from afar with a spear.
You hit the gnoll but do no damage.
The gnoll is heavily wounded.
The gnoll hits you from afar with a spear!
The gnoll hits you!
* * * LOW HITPOINT WARNING * * *
You barely miss the gnoll. x2
The gnoll hits you from afar with a spear.
* * * LOW HITPOINT WARNING * * *
The gnoll hits you but does no damage. x2
The gnoll hits you from afar with a spear.
* * * LOW HITPOINT WARNING * * *
You barely miss the gnoll. You hit the gnoll. The gnoll closely misses you.
The gnoll hits you.
You die...

####.###. ..........#
..##....#..
..###...#... .#
.......###... ##.#
..##..## #..# ...
#.#..##...##..# ..
....# ..#..##.g###.##
...## .#.#..##.g@#..#
.### #._.#..###g...#
...## .#.#..##......#
##..##..#..##.....###
##..##...+#....###
##..## ##....##
##..###....##
##..#....## ##.#...##


You could see 3 gnolls.

Vanquished Creatures
  2 adders (D:2)
  An ooze (D:2)
  A worm (D:2)
  A leopard gecko (D:2)
  A giant cockroach (D:1)
  4 goblins
  3 hobgoblins (D:1)
  5 jackals
  2 quokkas (D:2)
  A ball python (D:2)
  5 bats
  2 frilled lizards (D:1)
  3 kobolds (D:2)
  3 rats
34 creatures vanquished.

Notes
Turn   | Place    | Note
-------+----------+-------------------------------------------
     0 | Abyss:1  | smedtjen the Demonspawn Abyssal Knight began the quest for the Orb.
     0 | Abyss:1  | Reached XP level 1. HP: 18/18 MP: 2/2
     1 | Abyss:1  | Found a corrupted altar of Lugonu.
    75 | Abyss:1  | Noticed a fire giant skeleton
    75 | D:1      | Escaped the Abyss
   417 | D:1      | Reached * piety under Lugonu
   824 | D:1      | Gained mutation: You have a pair of small antennae on your head. [demonic ancestry]
   824 | D:1      | Reached XP level 2. HP: 23/24 MP: 3/3
  1144 | D:2      | Reached skill level 1 in Dodging
  1199 | D:2      | Reached XP level 3. HP: 14/29 MP: 4/4
  1571 | D:2      | Found a shadowy altar of Dithmenos.
  1683 | D:2      | Found a sacrificial altar of Ru.
  2235 | D:3      | Found a glowing golden altar of the Shining One.
  2256 | D:3      | Slain by a gnoll

Skill      XL: |  1  2 |
---------------+-------+-----
Axes           | 2 |  2.5
Armour         | 2 |  2.2
Dodging        | 1 |  1.0
Fighting       | |  3.8
Stealth        | |  0.2
Invocations    | |  2.5

Action                   || total
-------------------------++-------
Melee: Hand axe          ||   115
Invok: Depart the Abyss  ||     1
  Use: Scroll            ||     6
  Eat: Chunk             ||     2
       Meat ration       ||     1
Armor: Leather armour    ||    24
       Ring mail         ||    32
Dodge: Dodged            ||    66
Block: Buckler           ||    15
